NWL (28 & UNDER)
MENLO MANIACS @ CASPER GHOSTS
06/27/2029
 
TOP OF THE 1ST
Menlo Maniacs batting - Pitching for Casper Ghosts : LHP Ben Reyes
Pitching: LHP Ben Reyes
Batting: LHB Bernardo Rodríguez 0-0: Ball
1-0: Ball
2-0: Foul Ball, location: 2F
2-1: Ball
3-1: Base on Balls
Batting: LHB Dave Lee 0-0: Foul Ball, location: 2F
0-1: Ball
1-1: Ball
2-1: Ball
3-1: Foul Ball, location: 2F
3-2: Base on Balls
Bernardo Rodríguez to second
Batting: LHB Bob Campbell 0-0: Ball
1-0: Ball
2-0: Called Strike
2-1: Called Strike
2-2: SINGLE (Line Drive, 78S)
Bernardo Rodríguez to third
Dave Lee to second
Batting: LHB Tim Ramsey 0-0: Called Strike
0-1: Ball
1-1: Swinging Strike
1-2: Grounds into fielders choice 1-2 (Groundball, 13)
Dave Lee to third
Bob Campbell to second
Batting: RHB Luis Ramírez 0-0: Called Strike
0-1: Swinging Strike
0-2: SINGLE (Groundball, 56D)
Dave Lee scores
Bob Campbell to third
Tim Ramsey to second
Runner from 3rd tries for Home, throw and OUT!
Batting: LHB César Rodríguez 0-0: Ball
1-0: Called Strike
1-1: Called Strike
1-2: Strikes out swinging
Top of the 1st over - 1 run, 2 hits, 0 errors, 2 left on base; Menlo 1 - Casper 0
BOTTOM OF THE 1ST
Casper Ghosts batting - Pitching for Menlo Maniacs : RHP Ángel Germán
Pitching: RHP Ángel Germán
Batting: RHB Troy Reed 0-0: Ball
1-0: Fly out, F6 (Flyball, 6D)
Batting: SHB José González 0-0: Called Strike
0-1: Fly out, F8 (Line Drive, 8LM)
Batting: LHB Luis Rodríguez 0-0: Ball
1-0: Ball
2-0: Ball
3-0: Base on Balls
Batting: LHB Ralph Cobb 0-0: Ball
1-0: Called Strike
1-1: Fly out, F8 (Flyball, 8RS)
Bottom of the 1st over - 0 runs, 0 hits, 0 errors, 1 left on base; Menlo 1 - Casper 0
TOP OF THE 2ND
Menlo Maniacs batting - Pitching for Casper Ghosts : LHP Ben Reyes
Batting: RHB David Adams 0-0: Ball
1-0: Ground out 4-3 (Groundball, 4)
Batting: RHB David Strickland 0-0: Ball
1-0: Fly out, F5 (Flyball, 56D)
Batting: RHB William Rogers 0-0: Ball
1-0: Swinging Strike
1-1: Foul Ball, location: 2F
1-2: Strikes out swinging
Top of the 2nd over - 0 runs, 0 hits, 0 errors, 0 left on base; Menlo 1 - Casper 0
BOTTOM OF THE 2ND
Casper Ghosts batting - Pitching for Menlo Maniacs : RHP Ángel Germán
Batting: RHB Paul Richard 0-0: Swinging Strike
0-1: Ball
1-1: Ground out 6-3 (Groundball, 6M)
Batting: LHB Ronald Gordon 0-0: Swinging Strike
0-1: Swinging Strike
0-2: Strikes out swinging
Batting: RHB Robert Acosta 0-0: Called Strike
0-1: Ground out 6-3 (Groundball, 6)
Bottom of the 2nd over - 0 runs, 0 hits, 0 errors, 0 left on base; Menlo 1 - Casper 0
TOP OF THE 3RD
Menlo Maniacs batting - Pitching for Casper Ghosts : LHP Ben Reyes
Batting: LHB Bernardo Rodríguez 0-0: Swinging Strike
0-1: Called Strike
0-2: Strikes out looking
Batting: LHB Dave Lee 0-0: Foul Ball, location: 2F
0-1: Ball
1-1: Called Strike
1-2: Fly out, F6 (Popup, 6MS)
Batting: LHB Bob Campbell 0-0: Ball
1-0: Foul Ball, location: 2F
1-1: Called Strike
1-2: Strikes out swinging
Top of the 3rd over - 0 runs, 0 hits, 0 errors, 0 left on base; Menlo 1 - Casper 0
BOTTOM OF THE 3RD
Casper Ghosts batting - Pitching for Menlo Maniacs : RHP Ángel Germán
Batting: RHB Miguel Toro 0-0: Swinging Strike
0-1: Ball
1-1: Called Strike
1-2: Foul Ball, location: 2F
1-2: Ball
2-2: Ball
3-2: Fly out, F4 (Popup, 4)
Batting: RHB Hunter Plunket 0-0: Ball
1-0: Ball
2-0: Ball
3-0: Called Strike
3-1: Fly out, F9 (Flyball, 9S)
Batting: RHB Troy Reed 0-0: Called Strike
0-1: Ball
1-1: SINGLE (Line Drive, 6M)
Batting: SHB José González 0-0: Ball
1-0: Called Strike
1-1: Ball
2-1: Ball
3-1: Base on Balls
Troy Reed to second
Batting: LHB Luis Rodríguez 0-0: Foul Ball, location: 2F
0-1: Ball
1-1: Ground out 1-3 (Groundball, 13S)
Bottom of the 3rd over - 0 runs, 1 hit, 0 errors, 2 left on base; Menlo 1 - Casper 0
TOP OF THE 4TH
Menlo Maniacs batting - Pitching for Casper Ghosts : LHP Ben Reyes
Batting: LHB Tim Ramsey 0-0: Ball
1-0: Ball
2-0: DOUBLE (Line Drive, 89XD)
Batting: RHB Luis Ramírez 0-0: Foul Ball, location: 2F
0-1: Ball
1-1: Foul Ball, location: 2F
1-2: Ball
2-2: Ball
3-2: Foul Ball, location: 2F
3-2: Strikes out swinging
Batting: LHB César Rodríguez 0-0: Ball
1-0: Foul Ball, location: 2F
1-1: Called Strike
1-2: Foul Ball, location: 2F
1-2: Foul Ball, location: 2F
1-2: Ball
2-2: Foul Ball, location: 2F
2-2: Fly out, F8 (Flyball, 8RM)
Batting: RHB David Adams 0-0: Ball
1-0: Called Strike
1-1: Ball
2-1: Foul Ball, location: 2F
2-2: Ball
3-2: Foul Ball, location: 2F
3-2: Foul Ball, location: 2F
3-2: Base on Balls
Batting: RHB David Strickland 0-0: Called Strike
0-1: Ball
1-1: Called Strike
1-2: Fielders Choice at 2nd, 6-4 (Groundball, 6MD)
Top of the 4th over - 0 runs, 1 hit, 0 errors, 2 left on base; Menlo 1 - Casper 0
BOTTOM OF THE 4TH
Casper Ghosts batting - Pitching for Menlo Maniacs : RHP Ángel Germán
Batting: LHB Ralph Cobb 0-0: Ball
1-0: Ball
2-0: Foul Ball, location: 2F
2-1: SINGLE (Groundball, 56D)
Batting: RHB Paul Richard 0-0: Ball
1-0: SINGLE (Line Drive, 8LS)
Ralph Cobb to second
Batting: LHB Ronald Gordon 0-0: Called Strike
Ralph Cobb steals 3rd base
Paul Richard to second
0-1: Foul Ball, location: 2F
0-2: Ball
1-2: Foul Ball, location: 2F
1-2: Ball
2-2: Strikes out swinging
Batting: RHB Robert Acosta 0-0: Ball
1-0: Foul Ball, location: 2F
1-1: Swinging Strike
1-2: Fly out, F8 (Flyball, 8RD)
Runner from 3rd tags up, SCORES, no throw
Batting: RHB Miguel Toro 0-0: Ball
1-0: Foul Ball, location: 2F
1-1: Called Strike
1-2: Hit by Pitch
Batting: RHB Hunter Plunket 0-0: Ball
1-0: Ball
2-0: Foul Ball, location: 2F
2-1: Foul Ball, location: 2F
2-2: Ball
3-2: Foul Ball, location: 2F
3-2: Strikes out looking
Bottom of the 4th over - 1 run, 2 hits, 0 errors, 2 left on base; Menlo 1 - Casper 1
TOP OF THE 5TH
Menlo Maniacs batting - Pitching for Casper Ghosts : LHP Ben Reyes
Batting: RHB William Rogers 0-0: Ball
1-0: Ball
2-0: Ball
3-0: Called Strike
3-1: Base on Balls
Batting: LHB Bernardo Rodríguez 0-0: Called Strike
0-1: Fielders Choice at 2nd, 5-4 (Groundball, 56)
Batting: LHB Dave Lee 0-0: Ball
Bernardo Rodríguez is caught stealing 2nd base
1-0: Ball
2-0: Ball
3-0: Called Strike
3-1: Ground out 6-3 (Groundball, 6)
Top of the 5th over - 0 runs, 0 hits, 0 errors, 0 left on base; Menlo 1 - Casper 1
BOTTOM OF THE 5TH
Casper Ghosts batting - Pitching for Menlo Maniacs : RHP Ángel Germán
Batting: RHB Troy Reed 0-0: Called Strike
0-1: Ball
1-1: Ball
2-1: Foul Ball, location: 2F
2-2: Strikes out looking
Batting: SHB José González 0-0: Ground out 4-3 (Groundball, 4)
Batting: LHB Luis Rodríguez 0-0: Called Strike
0-1: Ball
1-1: SOLO HOME RUN (Line Drive, 9D), Distance : 398 ft
Batting: LHB Ralph Cobb 0-0: Foul Ball, location: 2F
0-1: Fly out, F7 (Flyball, 78S)
Bottom of the 5th over - 1 run, 1 hit, 0 errors, 0 left on base; Menlo 1 - Casper 2
TOP OF THE 6TH
Menlo Maniacs batting - Pitching for Casper Ghosts : LHP Ben Reyes
Batting: LHB Bob Campbell 0-0: Fly out, F6 (Line Drive, 6)
Batting: LHB Tim Ramsey 0-0: Ball
1-0: Called Strike
1-1: Ball
2-1: Fly out, F9 (Flyball, 9)
Batting: RHB Luis Ramírez 0-0: Swinging Strike
0-1: Ball
1-1: Foul Ball, location: 2F
1-2: Foul Ball, location: 2F
1-2: Foul Ball, location: 2F
1-2: Ball
2-2: Ball
3-2: Foul Ball, location: 2F
3-2: Base on Balls
Pitching: RHP Derrick Hall
Batting: LHB César Rodríguez 0-0: Called Strike
0-1: Fly out, F7 (Flyball, 78D)
Top of the 6th over - 0 runs, 0 hits, 0 errors, 1 left on base; Menlo 1 - Casper 2
BOTTOM OF THE 6TH
Casper Ghosts batting - Pitching for Menlo Maniacs : RHP Ángel Germán
Batting: RHB Paul Richard 0-0: Called Strike
0-1: Foul Ball, location: 2F
0-2: Strikes out swinging
Batting: LHB Ronald Gordon 0-0: Ball
1-0: Foul Ball, location: 2F
1-1: Ball
2-1: Ball
3-1: Base on Balls
Batting: RHB Robert Acosta 0-0: Swinging Strike
0-1: Ball
1-1: Swinging Strike
1-2: Ball
2-2: Grounds into double play, 6-4-3 (Groundball, 6)
Bottom of the 6th over - 0 runs, 0 hits, 0 errors, 0 left on base; Menlo 1 - Casper 2
TOP OF THE 7TH
Menlo Maniacs batting - Pitching for Casper Ghosts : RHP Derrick Hall
Batting: RHB David Adams 0-0: Ball
1-0: SINGLE (Groundball, 6MD)
Pinch Hitting: SHB Chris Young 0-0: Ball
Wild Pitch!
David Adams to second
1-0: Ball
2-0: Fly out, F9 (Flyball, 9)
Pinch Hitting: LHB Ken Smith 0-0: Ground out U3 (Groundball, 34)
David Adams to third
Pitching: LHP Pablo Solíz
Pinch Hitting: RHB Clinton Barton 0-0: Called Strike
0-1: Called Strike
0-2: DOUBLE (Line Drive, 78M)
David Adams scores
Batting: LHB Dave Lee 0-0: Ball
1-0: Fly out, F7 (Flyball, 7)
Top of the 7th over - 1 run, 2 hits, 0 errors, 1 left on base; Menlo 2 - Casper 2
BOTTOM OF THE 7TH
Casper Ghosts batting - Pitching for Menlo Maniacs : RHP Ángel Germán
Pitching: RHP Tomás Silva
Now at 1B: Clinton Barton
Now at 2B: Ken Smith
Now at SS: Dani Torres
Batting: RHB Miguel Toro 0-0: Ball
1-0: Ball
2-0: Fly out, F4 (Line Drive, 4)
Batting: RHB Hunter Plunket 0-0: Swinging Strike
0-1: Ball
1-1: Swinging Strike
1-2: Strikes out looking
Pitching: RHP Jesús Martínez
Batting: RHB Troy Reed 0-0: Ball
1-0: DOUBLE (Flyball, 8LXD)
Batting: SHB José González 0-0: Called Strike
0-1: Ball
1-1: Ball
2-1: Foul Ball, location: 2F
2-2: Ball
3-2: Base on Balls
Batting: LHB Luis Rodríguez 0-0: Called Strike
0-1: Ball
1-1: Ball
2-1: Ball
3-1: Base on Balls
Troy Reed to third
José González to second
Batting: LHB Ralph Cobb 0-0: GRAND SLAM HOME RUN (Line Drive, 9D), Distance : 410 ft
Pitching: LHP Marc Sizemore
Batting: RHB Paul Richard 0-0: Ball
1-0: Ball
2-0: Foul Ball, location: 2F
2-1: Ball
3-1: Ground out 6-3 (Groundball, 6M)
Bottom of the 7th over - 4 runs, 2 hits, 0 errors, 0 left on base; Menlo 2 - Casper 6
TOP OF THE 8TH
Menlo Maniacs batting - Pitching for Casper Ghosts : LHP Pablo Solíz
Batting: LHB Bob Campbell 0-0: Ground out 4-3 (Groundball, 4)
Batting: LHB Tim Ramsey 0-0: Ball
1-0: Fly out, F5 (Popup, 6)
Pitching: RHP Nicholas Becker
Batting: RHB Luis Ramírez 0-0: Ball
1-0: Called Strike
1-1: Called Strike
1-2: Ball
2-2: Strikes out swinging
Top of the 8th over - 0 runs, 0 hits, 0 errors, 0 left on base; Menlo 2 - Casper 6
BOTTOM OF THE 8TH
Casper Ghosts batting - Pitching for Menlo Maniacs : LHP Marc Sizemore
Batting: LHB Ronald Gordon 0-0: Ball
1-0: Called Strike
1-1: Swinging Strike
1-2: Foul Ball, location: 2F
1-2: Strikes out swinging
Batting: RHB Robert Acosta 0-0: Foul Ball, location: 2F
0-1: Foul Ball, location: 2F
0-2: Ball
1-2: Foul Ball, location: 2F
1-2: Foul Ball, location: 2F
1-2: DOUBLE (Line Drive, 78XD)
Batting: RHB Miguel Toro 0-0: Ball
1-0: Ball
2-0: Ball
3-0: Base on Balls
Batting: RHB Hunter Plunket 0-0: Ball
1-0: Called Strike
1-1: Fly out, F4 (Popup, 4)
Batting: RHB Troy Reed 0-0: Ball
1-0: Foul Ball, location: 2F
1-1: SINGLE (Line Drive, 56D)
Robert Acosta to third
Miguel Toro to second
Runner from 3rd tries for Home, SAFE, no throw
Batting: SHB José González 0-0: Called Strike
0-1: Foul Ball, location: 2F
0-2: Hit by Pitch
Miguel Toro to third
Troy Reed to second
Batting: LHB Luis Rodríguez 0-0: SINGLE (Flyball, 9S)
Miguel Toro scores
Troy Reed to third
José González to second
Runner from 3rd tries for Home, SAFE, no throw
Batting: LHB Ralph Cobb 0-0: Called Strike
0-1: Foul Ball, location: 2F
0-2: Ball
1-2: Foul Ball, location: 2F
1-2: SINGLE (Groundball, 4MD)
José González to third
Luis Rodríguez to second
Runner from 3rd tries for Home, SAFE, no throw
Batting: RHB Paul Richard 0-0: DOUBLE (Line Drive, 7LM)
Luis Rodríguez scores
Ralph Cobb to third
Runner from 3rd tries for Home, SAFE, no throw
Batting: LHB Ronald Gordon 0-0: Ball
1-0: Foul Ball, location: 2F
1-1: Foul Ball, location: 2F
1-2: Foul Ball, location: 2F
1-2: Ball
2-2: Ball
3-2: Hit by Pitch
Batting: RHB Robert Acosta 0-0: Ball
1-0: Ball
2-0: Called Strike
2-1: Ball
3-1: SINGLE (Groundball, 6D)
Paul Richard to third
Ronald Gordon to second
Runner from 3rd tries for Home, SAFE, no throw
Batting: RHB Miguel Toro 0-0: Ball
1-0: Ball
2-0: Ball
3-0: Base on Balls
Ronald Gordon to third
Robert Acosta to second
Batting: RHB Hunter Plunket 0-0: SINGLE (Line Drive, 89M)
Ronald Gordon scores
Robert Acosta to third
Miguel Toro to second
Runner from 3rd tries for Home, SAFE, no throw
Batting: RHB Troy Reed 0-0: Ball
1-0: Ball
2-0: Ball
3-0: Called Strike
3-1: Base on Balls
Miguel Toro to third
Hunter Plunket to second
Batting: SHB José González 0-0: Called Strike
0-1: Ball
Wild Pitch!
Miguel Toro scores
Hunter Plunket to third
Troy Reed to second
1-1: Ball
2-1: SINGLE (Flyball, 89S)
Hunter Plunket scores
Troy Reed to third
Runner from 3rd tries for Home, SAFE, no throw
Batting: LHB Luis Rodríguez 0-0: Called Strike
0-1: Ball
1-1: Ball
2-1: Ball
3-1: Base on Balls
José González to second
Batting: LHB Ralph Cobb 0-0: 3-RUN HOME RUN (Flyball, 8LD), Distance : 433 ft
Batting: RHB Paul Richard 0-0: Ball
1-0: Ball
2-0: Ball
3-0: Base on Balls
Batting: LHB Ronald Gordon 0-0: Ball
Paul Richard steals 2nd base
1-0: Ball
2-0: Called Strike
2-1: Foul Ball, location: 2F
2-2: Foul Ball, location: 2F
2-2: Foul Ball, location: 2F
2-2: Ball
3-2: DOUBLE (Flyball, 89D)
Paul Richard scores
Batting: RHB Robert Acosta 0-0: Called Strike
0-1: Ball
1-1: Ball
2-1: Called Strike
2-2: TRIPLE (Flyball, 7D)
Ronald Gordon scores
Pitching: RHP Wayne Todd
Batting: RHB Miguel Toro 0-0: Ball
1-0: Ball
2-0: Foul Ball, location: 2F
2-1: Swinging Strike
2-2: Ball
3-2: Base on Balls
Batting: RHB Hunter Plunket 0-0: Called Strike
0-1: Ball
1-1: Foul Ball, location: 2F
1-2: Foul Ball, location: 2F
1-2: Strikes out swinging
Bottom of the 8th over - 17 runs, 11 hits, 0 errors, 2 left on base; Menlo 2 - Casper 23
TOP OF THE 9TH
Menlo Maniacs batting - Pitching for Casper Ghosts : RHP Nicholas Becker
Batting: LHB César Rodríguez 0-0: Ball
1-0: Ball
2-0: Foul Ball, location: 2F
2-1: SOLO HOME RUN (Flyball, 9LD), Distance : 384 ft
Batting: RHB David Adams 0-0: Called Strike
0-1: SINGLE (Line Drive, 89M)
Batting: RHB Dani Torres 0-0: Ball
1-0: Called Strike
1-1: Foul Ball, location: 2F
1-2: Fly out, F9 (Flyball, 9D)
Batting: LHB Ken Smith 0-0: Called Strike
0-1: Ball
1-1: Called Strike
1-2: Fielders Choice at 2nd, 3-6 (Groundball, 34)
Pinch Hitting: RHB Jimmy Skinner 0-0: Foul Ball, location: 2F
0-1: Swinging Strike
0-2: Strikes out swinging
Top of the 9th over - 1 run, 2 hits, 0 errors, 1 left on base; Menlo 3 - Casper 23
Saturday, December 16th, 2017 - OOTP Baseball 18.8 Build 76